 Dungeon Crawl Stone Soup version 0.32-a0-5-gbffa963729 (webtiles) character file.

Game seed: 5826063653789275059

185947 seren the Eclecticist (level 19, -1/135 HPs)
             Began as a Djinni Fire Elementalist on Jan 12, 2024.
             Was the Champion of Makhleb.
             Slain by a spriggan rider
             ... wielding a +0 spear
             ... led by a spriggan druid
              (7 damage)
             ... on level 3 of the Swamp on Jan 13, 2024.
             The game lasted 03:49:33 (36596 turns).

seren the Eclecticist (Djinni Fire Elementalist)   Turns: 36596, Time: 03:49:34

Health: -1/135     AC: 14    Str:  7    XL:     19   Next: 16%
Gold:   1371       EV: 19    Int: 24    God:    Makhleb [******] SH:  7 Dex: 15

rFire   + + .        a - +6 dagger (venom)
rCold   + . .        j - +0 buckler
rNeg    . . .        P - +0 robe of Opyorin {rElec rC++}
rPois   ∞            m - +2 helmet
rElec   +            w - +2 cloak {Will+}
rCorr   .            f - +0 pair of gloves
SInv    .            (boots unavailable)
Will    +++..        O - amulet of regeneration
Stlth   +++          p - +4 ring of protection
HPRegen 1.22/turn    A - ring of willpower
MPRegen 0.00/turn

%: infuse magic (-2 HP)
@: about to teleport, flying
A: sickness immunity, fire resistance 2, cold vulnerability 1, float, innate
caster, HP casting, extra vitality 1
a: Renounce Religion, Minor Destruction, Lesser Servant of Makhleb, Major
Destruction, Greater Servant of Makhleb


You were on level 3 of the Swamp.
You worshipped Makhleb.
Makhleb was exalted by your worship.
You visited 6 branches of the dungeon, and saw 30 of its levels.

You collected 2537 gold pieces.
You spent 1166 gold pieces at shops.

Inventory:

Hand Weapons
 a - a +6 dagger of venom (weapon)
 I - a +2 antimagic spear
 W - a +2 antimagic quarterstaff
Armour
 f - a +0 pair of gloves (worn)
 j - a +0 buckler (worn)
 m - a +2 helmet (worn)
 w - a +2 cloak of willpower (worn)
 K - a +0 kite shield
 P - the +0 robe of Opyorin (worn) {rElec rC++}
   (You found it on level 13 of the Dungeon)

   rC++:      It greatly protects you from cold.
   rElec:     It insulates you from electricity.
 V - an orb of mayhem
Magical Staves
 o - a staff of fire
Jewellery
 p - a +4 ring of protection (left hand)
 s - an amulet of reflection
 A - a ring of willpower (right hand)
 E - a ring of protection from cold
 O - an amulet of regeneration (around neck)
 T - a +6 ring of intelligence
Wands
 h - a wand of polymorph (11)
 i - a wand of light (4)
 n - a wand of flame (14)
 y - a wand of digging (7)
 B - a wand of mindburst (58)
 F - a wand of roots (16)
 Q - a wand of paralysis (2)
Scrolls
 c - 2 scrolls of fog
 d - 11 scrolls of teleportation {!r}
 e - a scroll of enchant armour
 g - a scroll of revelation
 k - 3 scrolls of silence
 l - 2 scrolls of vulnerability
 q - 3 scrolls of poison
 v - 5 scrolls of noise
 C - a scroll of torment
 H - a scroll of fear
 L - 3 scrolls of butterflies
 M - a scroll of immolation
 U - 3 scrolls of identify
Potions
 b - 4 potions of might
 r - 6 potions of lignification
 t - 3 potions of heal wounds
 u - 8 potions of enlightenment
 x - 4 potions of mutation {!q}
 z - 5 potions of attraction
 D - 18 potions of curing
 G - a potion of berserk rage
 J - 5 potions of haste
 N - 3 potions of brilliance
 S - a potion of cancellation
Miscellaneous
 R - a phial of floods


   Skills:
 - Level 12.0 Fighting
 - Level 8.0 Armour
 - Level 14.0 Dodging
 - Level 7.0 Stealth
 + Level 11.1 Shields
 + Level 16.3 Spellcasting
 + Level 16.3 Conjurations
 + Level 16.3 Hexes
   Level 0.0 Charms
 + Level 16.3 Summonings
 + Level 16.3 Necromancy
 + Level 16.3 Translocations
   Level 0.0 Transmutations
 + Level 16.3 Fire Magic
 + Level 16.3 Ice Magic
 + Level 16.3 Air Magic
 + Level 16.3 Earth Magic
 + Level 16.3 Alchemy
 - Level 12.0 Invocations
 - Level 6.0 Evocations


You knew the following spells:

 Your Spells              Type           Power      Damage    Failure   Level
a - Foxfire               Conj/Fire      100%       2x1d9     0%          1
b - Scorch                Fire           100%       2d9       0%          2
c - Volatile Blastmotes   Fire/Tloc      100%       2d18      0%          3
d - Sigil of Binding      Hex            78%        N/A       0%          3
e - Flame Wave            Conj/Fire      78%        2d17      1%          4
f - Summon Small Mammal   Summ           100%       N/A       0%          1
g - Momentum Strike       Conj/Tloc      100%       3d10      0%          2
h - Tukima's Dance        Hex            78%        N/A       0%          3
i - Inner Flame           Hex/Fire       78%        N/A       0%          3
j - Ignite Poison         Fire/Alch      78%        N/A       1%          4
k - Summon Mana Viper     Hex/Summ       78%        N/A       1%          5
l - Sculpt Simulacrum     Ice/Alch       39%        N/A       1%          6
m - Haunt                 Necr/Summ      39%        N/A       4%          7
n - Summon Hydra          Summ           39%        N/A       4%          7
Your spell library was empty.

Dungeon Overview and Level Annotations

Branches:
Dungeon (15/15)            Temple (1/1) D:6            Lair (5/5) D:10
  Swamp (3/4) Lair:3        Snake (4/4) Lair:3        Slime (0/5) Lair:5
    Orc (2/2) D:12            Elf (0/3) Orc:2        Vaults (0/5) D:14
 Depths (0/4) D:15

Altars:
Ashenzari
Cheibriados
Dithmenos
Elyvilon
Fedhas
Gozag
Hepliaklqana
Makhleb
Nemelex Xobeh
Okawaru
Qazlal
Ru
Trog
Uskayaw
Wu Jian
Xom
Yredelemnul
Zin
The Shining One
Jiyva
Lugonu

Shops:
D:9 !   D:10 :(:   Orc:2 !***   Snake:2 :

Portals:
Abyss: Lair:5
Trove: D:10 (give +7 demon blade)

Annotations:
D:12 exclusion: downstairs
Lair:1 2 transporters, Sapher's ghost, amateur SpDe
Lair:2 1 runed translucent door, PanSaczeczos's ghost, journeyman MfMo
Lair:3 exclusion: downstairs
Swamp:2 exclusion: downstairs
Snake:2 Vashnia


Innate Abilities, Weirdness & Mutations

You are immune to sickness and miasma.
You are immune to poison.
Your flesh is very heat resistant. (rF++)
You are vulnerable to cold. (rC-)
You float through the air rather than walking.
You learn spells naturally, not from books.
Your magical power is your life essence.
You have superior vitality. (+4 MHP)


Message History

A root smacks you from below!
* * * LOW HITPOINT WARNING * * *
A swamp worm comes into view.
The spriggan rider hits you from afar with a +0 spear!
* * * LOW HITPOINT WARNING * * *
The spriggan druid splashes around in the water.
A tree reaches out and hits you!
* * * LOW HITPOINT WARNING * * *
The swamp worm fires a harpoon shot at you.
The harpoon shot misses you.
The spriggan rider hits you but does no damage.
The spriggan druid attacks as it pursues you!
The spriggan druid hits you with a +0 quarterstaff.
* * * LOW HITPOINT WARNING * * *
As you read the scroll of teleportation {!r}, it crumbles to dust.
You feel strangely unstable. A tree reaches out but misses you.
The swamp worm fires a harpoon shot at you.
The harpoon shot hits you.
* * * LOW HITPOINT WARNING * * *
You are yanked forward by the harpoon shot.
The swamp worm closely misses you. A root smacks you from below!!
* * * LOW HITPOINT WARNING * * *
You block the spriggan druid's attack.
The swamp worm fires a harpoon shot at you.
The harpoon shot misses you.
The spriggan rider hits you from afar with a +0 spear!
* * * LOW HITPOINT WARNING * * *
There is a stone staircase leading up here.
Branches wave dangerously above you.
You are hit by a branch!!
* * * LOW HITPOINT WARNING * * *
You block the spriggan druid's attack.
The swamp worm fires a harpoon shot at you.
The harpoon shot hits you!
* * * LOW HITPOINT WARNING * * *
You stop ascending the stairs.
You are yanked forward by the harpoon shot.
The spriggan rider hits you from afar with a +0 spear!
You die...

.~~~.~~~.~~~~~.. ~.~~♣~~.~.>~~~~♣
..♣~~~~~~~~..~~.♣
......~.~.....~.♣
#..♣)~~~~~~♣~♣~♣♣
#..♣~.~..~~~~~..♣
#..~~~~~.~~~.~~.♣♣ w
#..♣~§~~w..~.~~..♣ ♣ ..
#..♣~.<@♣~~~~~~♣.♣ ♣ .i$
#..♣♣ii♣♣~.~.~~..♣♣ ♣♣ ..
#..♣♣~i♣♣..~.(~~♣.♣♣♣ ♣~
..##.#####..♣w~.♣♣♣.~.~~..♣♣≈♣♣♣~
~....k))....~.~~♣ ♣~~..~~♣♣≈≈≈♣♣♣
♣♣....).....♣..~♣ ♣.~[~§.♣≈≈≈♣♣♣≈
♣.♣♣♣♣~~..♣♣♣.~♣ ♣.~..~.≈≈≈≈≈♣♣♣
xW ♣♣..♣♣ ♣~.♣ ♣.♣♣~~♣♣≈≈≈≈≈♣♣
♣♣.♣ ♣~.♣ ♣~~~§~~♣♣≈≈≈≈♣♣


You could see a tyrant leech, a spriggan rider, a spriggan druid (inner flame),
a swamp worm and a spriggan.

Vanquished Creatures
  A nagaraja (Snake:2)
  A fenstrider witch (Swamp:3)
  3 eleionomae
  Snorg (Orc:1)
  Josephine (D:11)
  4 hydras
  3 vault guards (D:14)
  2 centaur warriors (D:14)
  An anaconda (Snake:2)
  3 boulder beetles
  A two-headed ogre (D:10)
  Erica (Lair:2)
  A naga warrior (Snake:2)
  2 death yaks (Lair:5)
  3 orc high priests (Orc:2)
  2 tengu warriors (D:14)
  Urug (D:13)
  4 naga sharpshooters
  9 shock serpents
  Sonja (Lair:5)
  A salamander mystic (Snake:3)
  2 skysharks (Lair:4)
  2 goliath frogs (Swamp:2)
  A swamp dragon (Swamp:1)
  A spriggan druid (Swamp:3)
  4 mana vipers (Snake:2)
  3 bog bodies
  6 orc knights
  2 steelbarb worms (Swamp:1)
  An orc sorcerer (Orc:2)
  7 ugly things
  19 elephants
  Maurice (D:7)
  A will-o-the-wisp (Swamp:2)
  A large abomination (Lair:5)
  2 kobold blastminers (Orc:2)
  7 naga magi
  A water nymph (shapeshifter) (D:15)
  A torpor snail (Lair:1)
  16 black mambas
  15 cane toads
  3 komodo dragons
  A yaktaur (D:15)
  4 rime drakes
  3 trolls
  3 tyrant leeches (Swamp:1)
  15 blink frogs
  2 polar bears (Lair:1)
  2 hornets
  6 dream sheep (Lair:4)
  9 slime creatures
  51 yaks
  7 wraiths
  7 wyverns
  A centaur simulacrum (D:15)
  A shadow (D:9)
  A vampire (D:10)
  5 spriggans
  6 small abominations (Lair:5)
  4 humans (D:14)
  A hog (shapeshifter) (D:15)
  A golden eye (shapeshifter) (D:13)
  10 vampire mosquitoes
  Menkaure (D:6)
  3 wargs
  9 nagas
  An acid dragon (D:11)
  2 swamp worms
  10 water moccasins
  13 orc warriors
  A swamp drake (Swamp:2)
  2 sky beasts
  5 black bears
  3 ice beasts
  3 ogres
  12 centaurs
  13 wolves
  A kobold brigand (D:10)
  16 bullfrogs
  Blork the orc (D:4)
  4 scorpions
  4 wights (D:10)
  5 killer bees (D:8)
  3 hounds
  4 orc priests
  A bombardier beetle (D:5)
  8 jellies
  A gnoll bouda (D:5)
  2 iguanas
  A sleepcap (D:7)
  10 orc wizards
  9 gnolls
  5 adders
  A shadow imp (D:7)
  A white imp (D:5)
  An ufetubus (D:7)
  2 dart slugs (D:4)
  3 ribbon worms
  53 orcs
  14 endoplasms
  2 giant cockroaches
  11 goblins
  11 hobgoblins
  5 kobolds
  2 quokkas (D:3)
  5 ball pythons
  7 bats
  2 frilled lizards (D:1)
  3 rats
  2 butterflies (Lair:2)
560 creatures vanquished.

Vanquished Creatures (collateral kills)
  Jorgrun (D:14)
  Rupert (Lair:5)
  Donald (Swamp:3)
  Roxanne (D:15)
  3 nagarajas (Snake:3)
  A very ugly thing (D:15)
  2 eleionomae
  Azrael (D:13)
  2 bunyips
  Fannar (D:11)
  Erolcha (D:12)
  4 hydras
  3 vault guards (D:14)
  3 salamander tyrants
  3 boulder beetles
  5 alligators
  3 anacondas
  A two-headed ogre (D:11)
  A centaur warrior (D:13)
  2 death knights (D:14)
  5 naga warriors
  3 death yaks
  6 naga sharpshooters
  An orc high priest (Orc:2)
  2 thrashing horrors (Lair:5)
  An occultist (D:15)
  5 shock serpents
  4 spriggans
  A salamander mystic (Snake:2)
  4 goliath frogs
  2 skeletal warriors (D:15)
  A glowing orange brain (D:15)
  3 bog bodies
  2 mana vipers
  An arcanist (D:13)
  4 steelbarb worms (Swamp:1)
  2 naga ritualists (Snake:2)
  A necromancer (D:14)
  5 large abominations (Lair:5)
  A lindwurm (Lair:5)
  3 deep elf pyromancers
  3 ugly things
  4 cyclopes
  An oklob plant (Lair:5)
  13 salamanders
  5 orc sorcerers
  4 will-o-the-wisps
  2 manticores
  4 guardian serpents
  A kobold blastminer (Orc:2)
  11 elephants
  6 naga magi
  19 black mambas
  2 gargoyles
  3 komodo dragons
  A yaktaur (D:15)
  A freezing wraith (D:15)
  A tengu conjurer (D:14)
  A troll (D:12)
  6 tyrant leeches (Swamp:1)
  A wind drake (D:13)
  4 hornets
  6 blink frogs (Lair:5)
  A raiju (Lair:5)
  A raiju (shapeshifter) (D:12)
  A dream sheep (Lair:4)
  7 slime creatures
  2 ynoxinuls (Lair:5)
  4 wraiths
  2 humans (D:14)
  4 yaks
  5 basilisks
  2 wargs
  2 fire elementals
  3 vampire mosquitoes
  4 chaos spawn (Lair:5)
  Edmund (D:4)
  8 small abominations (Lair:5)
  13 nagas
  13 swamp worms
  An acid dragon (D:11)
  2 hell hounds (D:13)
  2 water moccasins (Lair:5)
  A black bear (Lair:1)
  8 laughing skulls
  5 orc warriors
  2 sky beasts (D:13)
  4 ogres
  2 centaurs
  5 wolves
  6 jellies (Lair:5)
  8 orc priests
  12 orc wizards
  3 hound zombies (D:14)
  11 orcs
  A foxfire (Lair:2)
342 creatures vanquished.

Vanquished Creatures (others)
  3 bloated husks
  12 dancing weapons
  1254 foxfires
1269 creatures vanquished.

Grand Total: 2171 creatures vanquished

Notes
Turn   | Place    | Note
-------+----------+-------------------------------------------
     0 | D:1      | seren the Djinni Fire Elementalist began the quest for the
                  | Orb.
     0 | D:1      | seren set off with the following spells memorised: Foxfire,
                  | Scorch, Volatile Blastmotes, Inner Flame, Flame Wave.
     0 | D:1      | Reached XP level 1. HP: 15/15 MP: 0/0
   257 | D:1      | Reached XP level 2. HP: 20/21 MP: 0/0
   643 | D:1      | Reached XP level 3. HP: 24/25 MP: 0/0
   643 | D:1      | Learned a level 1 spell: Summon Small Mammal
  1173 | D:2      | Found a hazy altar of Hepliaklqana.
  1261 | D:2      | Reached XP level 4. HP: 27/31 MP: 0/0
  1660 | D:2      | Reached skill level 1 in Fighting
  2146 | D:3      | Reached XP level 5. HP: 36/37 MP: 0/0
  2146 | D:3      | Learned a level 2 spell: Momentum Strike
  3076 | D:4      | Noticed Edmund
  3617 | D:4      | Noticed Blork the orc
  3627 | D:4      | Killed Blork the orc
  3628 | D:4      | Reached XP level 6. HP: 33/43 MP: 0/0
  3830 | D:5      | Entered Level 5 of the Dungeon
  4271 | D:4      | Reached XP level 7. HP: 21/49 MP: 0/0
  4271 | D:4      | Learned a level 3 spell: Tukima's Dance
  4987 | D:5      | Reached skill level 5 in Spellcasting
  4987 | D:5      | Reached skill level 5 in Conjurations
  4987 | D:5      | Reached skill level 5 in Hexes
  4987 | D:5      | Reached skill level 5 in Summonings
  4987 | D:5      | Reached skill level 5 in Necromancy
  4987 | D:5      | Reached skill level 5 in Translocations
  4987 | D:5      | Reached skill level 5 in Fire Magic
  4987 | D:5      | Reached skill level 5 in Ice Magic
  4987 | D:5      | Reached skill level 5 in Air Magic
  4987 | D:5      | Reached skill level 5 in Earth Magic
  4987 | D:5      | Reached skill level 5 in Alchemy
  5269 | D:6      | Found a staircase to the Ecumenical Temple.
  5281 | Temple   | Entered the Ecumenical Temple
  5281 | Temple   | Noticed a blizzard demon
  5281 | Temple   | Noticed a shadow demon
  5282 | Temple   | Noticed Sotres the pandemonium lord
  5282 | Temple   | Noticed Gefetesm the pandemonium lord
  5282 | Temple   | Noticed a Tzitzimitl
  5282 | Temple   | Noticed a red devil
  5283 | Temple   | Noticed a sun demon
  5304 | Temple   | Noticed Mosual the pandemonium lord
  5306 | Temple   | Noticed Heur the pandemonium lord
  5306 | Temple   | Noticed a neqoxec
  5308 | Temple   | Noticed Ciohudif the pandemonium lord
  5309 | Temple   | Noticed an Executioner
  5309 | Temple   | Noticed a shadow demon
  5310 | Temple   | Noticed a sixfirhy
  5335 | Temple   | Became a worshipper of Makhleb the Destroyer
  5414 | D:6      | Noticed Menkaure
  5422 | D:6      | Killed Menkaure
  5423 | D:6      | Reached skill level 5 in Dodging
  5423 | D:6      | Reached XP level 8. HP: 50/54 MP: 0/0
  5762 | D:6      | Reached skill level 1 in Invocations
  5762 | D:6      | Reached skill level 1 in Evocations
  6203 | D:6      | Reached XP level 9. HP: 57/59 MP: 0/0
  6203 | D:6      | Learned a level 3 spell: Sigil of Binding
  6626 | D:7      | Noticed Maurice
  6772 | D:7      | Reached skill level 5 in Stealth
  6774 | D:7      | Reached * piety under Makhleb
  6848 | D:7      | Noticed a hornet
  6960 | D:7      | Killed Maurice
  7461 | D:8      | Reached XP level 10. HP: 52/67 MP: 0/0
  8559 | D:8      | Reached ** piety under Makhleb
  8831 | D:9      | Reached skill level 5 in Invocations
  8904 | D:9      | Found Jonwel's Distillery.
  9117 | D:9      | Bought a potion of curing for 36 gold pieces
  9117 | D:9      | Bought a potion of curing for 36 gold pieces
  9117 | D:9      | Bought a potion of heal wounds for 60 gold pieces
  9125 | D:9      | Found a glowing silver altar of Zin.
  9141 | D:9      | Found a snail-covered altar of Cheibriados.
  9526 | D:10     | Entered Level 10 of the Dungeon
  9526 | D:10     | Found Byrarewn's Book Shop.
  9526 | D:10     | Found Hovosor's Weapon Shop.
  9526 | D:10     | Found Cipnaufy's Book Shop.
  9593 | D:10     | Reached XP level 11. HP: 73/73 MP: 0/0
  9593 | D:10     | Learned a level 4 spell: Ignite Poison
  9664 | D:10     | Found a staircase to the Lair.
  9946 | D:10     | Found a hazy altar of Hepliaklqana.
  9946 | D:10     | Noticed a two-headed ogre
 10002 | D:10     | Killed a two-headed ogre
 10062 | D:10     | Found a portal to a secret trove of treasure.
 10474 | Lair:1   | Entered Level 1 of the Lair of Beasts
 10505 | Lair:1   | Noticed a spriggan rider
 10508 | Lair:1   | Noticed a moth of wrath
 10508 | Lair:1   | Noticed Sapher's ghost (amateur SpDe)
 10509 | Lair:1   | Noticed a moth of wrath
 10516 | Lair:1   | Noticed an elephant
 10517 | Lair:1   | Noticed an elephant
 10522 | Lair:1   | Found a transporter.
 10528 | Lair:1   | Found a bloodstained altar of Trog.
 10536 | Lair:1   | Found a transporter.
 11021 | Lair:1   | Noticed a spriggan berserker
 11039 | Lair:1   | Noticed a spriggan rider
 11065 | Lair:1   | Noticed an elephant
 11079 | Lair:1   | Noticed an elephant
 11257 | Lair:1   | Reached *** piety under Makhleb
 11385 | Lair:1   | Reached skill level 10 in Spellcasting
 11385 | Lair:1   | Reached skill level 10 in Conjurations
 11385 | Lair:1   | Reached skill level 10 in Hexes
 11385 | Lair:1   | Reached skill level 10 in Summonings
 11385 | Lair:1   | Reached skill level 10 in Necromancy
 11385 | Lair:1   | Reached skill level 10 in Translocations
 11385 | Lair:1   | Reached skill level 10 in Fire Magic
 11385 | Lair:1   | Reached skill level 10 in Ice Magic
 11385 | Lair:1   | Reached skill level 10 in Air Magic
 11385 | Lair:1   | Reached skill level 10 in Earth Magic
 11385 | Lair:1   | Reached skill level 10 in Alchemy
 11387 | Lair:1   | Reached skill level 5 in Evocations
 11549 | Lair:1   | Reached skill level 10 in Dodging
 11782 | Lair:2   | Reached XP level 12. HP: 58/78 MP: 0/0
 12521 | Lair:2   | Reached skill level 5 in Fighting
 12600 | Lair:2   | Found a stormy altar of Qazlal.
 12714 | Lair:2   | Found a runed translucent door.
 12723 | Lair:2   | Noticed PanSaczeczos's ghost (journeyman MfMo)
 12733 | Lair:2   | Noticed Erica
 12741 | Lair:2   | Killed Erica
 13641 | Lair:3   | Found a staircase to the Snake Pit.
 13709 | Lair:3   | Noticed an eleionoma
 13863 | Lair:3   | Reached **** piety under Makhleb
 13895 | Lair:3   | Reached XP level 13. HP: 54/87 MP: 0/0
 13895 | Lair:3   | Learned a level 5 spell: Summon Mana Viper
 14072 | Lair:3   | Found a staircase to the Swamp.
 14163 | Lair:3   | Killed an eleionoma
 15447 | Lair:4   | Reached skill level 1 in Armour
 15531 | Lair:5   | Entered Level 5 of the Lair of Beasts
 15781 | Lair:5   | Found a staircase to the Slime Pits.
 15843 | Lair:5   | Noticed a seven-headed hydra
 15851 | Lair:5   | Noticed a five-headed hydra
 15856 | Lair:4   | Reached ***** piety under Makhleb
 15865 | Lair:4   | Reached XP level 14. HP: 64/94 MP: 0/0
 16246 | Lair:5   | Noticed Rupert
 16271 | Lair:5   | Killed Rupert
 16336 | Lair:5   | Noticed Sonja
 16350 | Lair:5   | Killed Sonja
 16935 | Lair:5   | Found a viscous altar of Jiyva.
 17854 | Lair:5   | Reached XP level 15. HP: 38/107 MP: 0/0
 17854 | Lair:5   | Learned a level 6 spell: Sculpt Simulacrum
 18117 | Lair:5   | Reached skill level 10 in Fighting
 18153 | Lair:5   | Reached ****** piety under Makhleb
 18339 | Lair:5   | Found a corrupted altar of Lugonu.
 18339 | Lair:5   | Found a one-way gate to the infinite horrors of the Abyss.
 19202 | D:4      | Killed Edmund
 19344 | D:7      | Reached skill level 10 in Invocations
 19516 | D:11     | Noticed Josephine
 19525 | D:11     | Killed Josephine
 19752 | D:11     | Noticed Fannar
 19844 | D:11     | Killed Fannar
 20413 | D:12     | Upgraded the game from 0.31-a0-1626-g5cb510d322 to
                  | 0.32-a0-5-gbffa963729
 20685 | D:12     | Noticed Erolcha
 20692 | D:12     | Killed Erolcha
 20782 | D:12     | Found a staircase to the Orcish Mines.
 21192 | Orc:1    | Entered Level 1 of the Orcish Mines
 21297 | Orc:1    | Noticed Snorg
 21303 | Orc:1    | Killed Snorg
 21385 | Orc:2    | Entered Level 2 of the Orcish Mines
 22567 | Orc:2    | Found a staircase to the Elven Halls.
 23061 | Orc:2    | Reached XP level 16. HP: 106/113 MP: 0/0
 23293 | Orc:2    | Found Foisch's General Store.
 23293 | Orc:2    | Found Bimn's Assorted Antiques.
 23303 | Orc:2    | Found Noekys's Assorted Antiques.
 23305 | Orc:2    | Found Wapsuut's Distillery.
 23320 | Orc:2    | Bought a triangular steel amulet for 155 gold pieces
 23320 | Orc:2    | Bought a scroll of identify for 62 gold pieces
 23381 | Orc:2    | Bought a scroll labelled YTEILA NIHYAKK for 23 gold pieces
 23381 | Orc:2    | Bought a moonstone ring for 115 gold pieces
 23505 | D:13     | Identified the +0 robe of Opyorin {rElec rC++}
 23528 | D:13     | Noticed Azrael
 24136 | Swamp:1  | Entered Level 1 of the Swamp
 24590 | Orc:2    | Bought a potion of heal wounds for 75 gold pieces
 24590 | Orc:2    | Bought a potion of heal wounds for 75 gold pieces
 24590 | Orc:2    | Bought a potion of heal wounds for 75 gold pieces
 24590 | Orc:2    | Bought a potion of haste for 150 gold pieces
 25107 | Swamp:1  | Reached skill level 1 in Shields
 25756 | Swamp:1  | Reached skill level 5 in Armour
 26725 | Swamp:2  | Reached XP level 17. HP: 94/121 MP: 0/0
 26725 | Swamp:2  | Learned a level 7 spell: Haunt
 26867 | Swamp:3  | Noticed Donald
 27136 | Orc:2    | Bought a scroll of blinking for 232 gold pieces
 27138 | Orc:2    | Bought a potion of curing for 36 gold pieces
 27138 | Orc:2    | Bought a scroll of teleportation for 36 gold pieces
 27468 | Snake:1  | Entered Level 1 of the Snake Pit
 28198 | Snake:1  | You are sucked into a shaft and drop 1 floor!
 28198 | Snake:2  | Noticed Vashnia
 29040 | Snake:2  | Reached skill level 5 in Shields
 29103 | Snake:2  | Found Mirghepn's Book Shoppe.
 30364 | Snake:3  | Identified the +8 hand axe "Undertaker" {heavy, rElec rF-
                  | Will++ Str-4}
 30558 | Snake:3  | Reached XP level 18. HP: 124/130 MP: 0/0
 30823 | Snake:3  | Reached skill level 15 in Spellcasting
 30823 | Snake:3  | Reached skill level 15 in Conjurations
 30823 | Snake:3  | Reached skill level 15 in Hexes
 30823 | Snake:3  | Reached skill level 15 in Summonings
 30823 | Snake:3  | Reached skill level 15 in Necromancy
 30823 | Snake:3  | Reached skill level 15 in Translocations
 30823 | Snake:3  | Reached skill level 15 in Fire Magic
 30823 | Snake:3  | Reached skill level 15 in Ice Magic
 30823 | Snake:3  | Reached skill level 15 in Air Magic
 30823 | Snake:3  | Reached skill level 15 in Earth Magic
 30823 | Snake:3  | Reached skill level 15 in Alchemy
 30908 | Snake:4  | Entered Level 4 of the Snake Pit
 32799 | D:13     | Killed Azrael
 32864 | D:13     | Noticed Urug
 32875 | D:13     | Killed Urug
 33187 | D:14     | Reached skill level 10 in Shields
 33246 | D:14     | Noticed Jorgrun
 33272 | D:14     | Killed Jorgrun
 34320 | D:14     | Found a gate to the Vaults.
 34773 | D:15     | Entered Level 15 of the Dungeon
 34933 | D:15     | Found the +3 giant club "Skullcrusher" {speed, Str+7}
 35771 | D:15     | Noticed Roxanne
 35790 | D:15     | Killed Roxanne
 35815 | D:15     | Identified the +4 ring mail of Moew {-Cast rN+ Dex+4}
 35861 | D:15     | Reached XP level 19. HP: 118/135 MP: 0/0
 35861 | D:15     | Learned a level 7 spell: Summon Hydra
 36149 | D:15     | Found a staircase to the Depths.
 36472 | Swamp:3  | Killed Donald
 36596 | Swamp:3  | HP: 6/135 [swamp worm/harpoon shot (8)]
 36596 | Swamp:3  | Slain by a spriggan rider

Illustrated notes

Levels and vault maps discovered:
D:1:      amcnicky_arrival_double_pillar, layout_basic
D:2:      layout_loops_cross, basic_altar, minmay_goblin_outpost
D:3:      layout_basic, minmay_misc_feat_tiny, minivault_24,
          minmay_misc_feat_roman
D:4:      layout_loops_corners, tgw_sif, minivault_25, uniq_edmund
D:5:      layout_basic
D:6:      layout_gridville, minmay_temple_entry_offerings,
          kennysheep_generic_room_14, uniq_menkaure
D:7:      minmay_spotlight, layout_loops_cross, uniq_maurice
D:8:      layout_basic, minmay_misc_feat_room, item_on_display_a
D:9:      layout_basic, kennysheep_mini, mainiacjoe_overflow_paths,
          serial_shops, shop
D:10:     layout_rooms, nicolae_hepliaklqana_hazy_memory, dpeg_oklobed_lair,
          trove_entry_hex_spiral, nicolae_shop_distant_corner_stores,
          glass_columns_c, grunt_potential
D:11:     layout_loops_ring, uniq_fannar, uniq_josephine
D:12:     layout_roguey, minmay_orc_entry_temple_small, uniq_erolcha
D:13:     layout_basic, dreamdust_looks_like_rain, uniq_azrael, uniq_urug
D:14:     layout_loops_corners, ximxim_vaults_locker_room, eino_curves_01,
          chequers_garden, lemuel_zombie_altar_kikubaaqudgha, uniq_jorgrun
D:15:     gammafunk_enter_depths_forms, layout_long_grid,
          minmay_guarded_unrand_skullcrusher, uniq_roxanne
Temple:   nicolae_temple_panitentiary
Lair:1:   layout_gridlike, gammafunk_ghost_wrathful_warriors,
          grunt_forest_large_clearings
Lair:2:   layout_regular_city, ebering_ghost_reflecting_pool, basic_altar,
          lemuel_fruit_fields, lemuel_fruit_fields, lemuel_fruit_tree,
          uniq_erica
Lair:3:   layout_hall_layers, alex1729_swamp_entry_worm_eleionoma,
          dummy_snake_entry, beast_lair_carwin_2, lemuel_fruit_fields
Lair:4:   layout_small_grid, beast_lair_carwin_8, lemuel_fruit_fields,
          infiniplex_staircase_pool_2
Lair:5:   hellmonk_lair_end_abyssal_woods, layout_big_grid,
          minmay_slime_entry_jelly_boxes, minmay_lair_oklob_items, uniq_rupert,
          uniq_sonja
Swamp:1:  layout_basic_swamp, nicolae_swamp_well_well_well,
          hangedman_swamp_lotus, nicolae_swamp_vermiculated
Swamp:2:  layout_basic_swamp, evilmike_swamp_ruin_house_5,
          nicolae_swamp_tree_isthmus, infiniplex_staircase_pool
Swamp:3:  layout_falls_marsh, evilmike_swamp_ruin_house_1, swamp_pool_4,
          uniq_donald
Snake:1:  layout_grid_shapes, nicolae_triple_integral
Snake:2:  layout_basic, serial_shops, shop, serial_bayou_shore_b, uniq_vashnia
Snake:3:  layout_cave_town
Snake:4:  johnstein_snake_rune_scales, layout_misc_corridors,
          nicolae_snake_magic_snake_eye
Orc:1:    layout_caves, nicolae_orc_sculptors_studio, nicolae_orc_lava_room,
          uniq_snorg
Orc:2:    st_orc_elflike, layout_diamond_mine

Skill      XL: |  1  2  3  4  5  6  7  8  9 10 11 12 13 14 15 16 17 18 19 |
---------------+----------------------------------------------------------+-----
Stealth        | 2 3 4 5 6 7 |  7.0
Dodging        | 3 4 5 6 8 10 11 12 13 14 | 14.0
Fighting       | 1 2 4 6 9 10 11 12 | 12.0
Spellcasting   | 4 5 6 8 10 12 13 14 16 | 16.3
Conjurations   | 4 5 6 8 10 12 13 14 16 | 16.3
Hexes          | 4 5 6 8 10 12 13 14 16 | 16.3
Summonings     | 4 5 6 8 10 12 13 14 16 | 16.3
Necromancy     | 4 5 6 8 10 12 13 14 16 | 16.3
Translocations | 4 5 6 8 10 12 13 14 16 | 16.3
Fire Magic     | 4 5 6 8 10 12 13 14 16 | 16.3
Ice Magic      | 4 5 6 8 10 12 13 14 16 | 16.3
Air Magic      | 4 5 6 8 10 12 13 14 16 | 16.3
Earth Magic    | 4 5 6 8 10 12 13 14 16 | 16.3
Alchemy        | 4 5 6 8 10 12 13 14 16 | 16.3
Invocations    | 1 3 5 7 9 11 12 | 12.0
Evocations     | 1 3 4 5 6 |  6.0
Armour         | 2 3 5 8 |  8.0
Shields        | 3 7 10 11 | 11.1

Action                     |  1- 3 |  4- 6 |  7- 9 | 10-12 | 13-15 | 16-18 | 19-21 || total
---------------------------+-------+-------+-------+-------+-------+-------+-------++-------
  Melee: Short sword       |     3 |     1 |     3 |       |       |       |       ||     7
         Punch             |       |     1 |       |       |     2 |     1 |       ||     4
         Dagger            |       |       |     2 |    41 |    57 |   104 |     2 ||   206
   Cast: Foxfire           |    54 |    95 |   119 |   271 |   105 |   106 |       ||   750
         Scorch            |       |    14 |    26 |   127 |   130 |   166 |       ||   463
         Inner Flame       |       |       |     9 |    34 |    90 |   131 |     7 ||   271
         Volatile Blastmot |       |       |     4 |    11 |     6 |     7 |       ||    28
         Summon Small Mamm |       |       |     3 |     6 |    25 |    10 |       ||    44
         Tukima's Dance    |       |       |     3 |     5 |    17 |    68 |       ||    93
         Flame Wave        |       |       |       |    11 |    21 |     3 |       ||    35
         Sigil of Binding  |       |       |       |     6 |     1 |       |       ||     7
         Momentum Strike   |       |       |       |     1 |       |     1 |       ||     2
         Summon Mana Viper |       |       |       |       |   140 |   240 |     5 ||   385
         Sculpt Simulacrum |       |       |       |       |     4 |    15 |       ||    19
         Ignite Poison     |       |       |       |       |     1 |     1 |       ||     2
         Haunt             |       |       |       |       |       |    25 |    14 ||    39
         Summon Hydra      |       |       |       |       |       |       |     2 ||     2
 Invoke: Greater Servant o |       |       |       |       |       |     1 |       ||     1
  Evoke: Wand              |       |       |       |     4 |     4 |    19 |     1 ||    28
         Phial of floods   |       |       |       |       |       |     1 |       ||     1
    Use: Scroll            |       |     5 |     5 |     6 |    11 |    15 |     1 ||    43
         Potion            |       |     4 |       |     2 |       |     5 |       ||    11
   Stab: Sleeping          |       |     1 |       |       |       |       |       ||     1
         Distracted        |       |       |       |       |     2 |     4 |       ||     6
 Armour: Robe              |    16 |    17 |    30 |   166 |   271 |   447 |    10 ||   957
  Dodge: Dodged            |    16 |    13 |    38 |   225 |   363 |   371 |     5 ||  1031
  Block: Other             |       |       |    17 |    32 |       |       |       ||    49
         Reflection        |       |       |     2 |     6 |       |       |       ||     8
         Buckler           |       |       |       |       |       |   114 |     5 ||   119

Table legend: (Time is in decaauts)
 A = Elapsed time spent in this place.
 B = Non-inter-level travel time spent in this place.
 C = Inter-level travel time spent in this place.
 D = Time resting spent in this place.
 E = Time spent auto-exploring this place.
 F = Levels seen in this place.
 G = Mean time per level.
                   A        B        C        D        E       F      G
               +--------+--------+--------+--------+--------+-----+--------+
         Total |  36668 |  32608 |   4060 |   2853 |  12229 |  30 | 1222.3 |
       Dungeon |  17907 |  15874 |   2033 |   1353 |   8025 |  15 | 1193.8 |
        Temple |     73 |     55 |     18 |      0 |      0 |   1 |   73.0 |
          Lair |   8667 |   7547 |   1120 |    739 |   2140 |   5 | 1733.4 |
         Swamp |   2764 |   2541 |    223 |    269 |    751 |   3 |  921.3 |
     Snake Pit |   5053 |   4710 |    343 |    414 |    852 |   4 | 1263.2 |
  Orcish Mines |   2202 |   1881 |    321 |     78 |    461 |   2 | 1101.0 |
               +--------+--------+--------+--------+--------+-----+--------+

Top non-repeatable levels by time:
  Lair:5: 2443 daAuts
  Lair:2: 1856 daAuts
    D:14: 1813 daAuts
 Snake:3: 1738 daAuts
 Snake:1: 1605 daAuts
  Lair:3: 1554 daAuts
    D:12: 1480 daAuts
 Swamp:1: 1454 daAuts
  Lair:1: 1444 daAuts
     D:4: 1444 daAuts
  Lair:4: 1368 daAuts
 Snake:2: 1351 daAuts
    D:15: 1332 daAuts
   Orc:2: 1328 daAuts
     D:6: 1276 daAuts
